 Dungeon Crawl Stone Soup version 0.28.0-53-g5a82cb258f (webtiles) character file.

Game seed: 12714331513269122897

116053 slugheadthewise the Tortoise (level 16, -1/129 HPs)
             Began as a Minotaur Berserker on June 2, 2022.
             Was a High Priest of Trog.
             Slain by an entropy weaver (12 damage)
             ... on level 2 of the Spider Nest on June 3, 2022.
             The game lasted 03:10:16 (39217 turns).

slugheadthewise the Tortoise (Minotaur Berserker)  Turns: 39217, Time: 03:10:17

Health: -1/129     AC: 14    Str: 28    XL:     16   Next: 20%
Magic:  15/15      EV: 13    Int:  4    God:    Trog [*****.]
Gold:   1887       SH: 26    Dex: 18    Spells: 15/15 levels left

rFire   + . .      SeeInvis +   a - +7 trident of Hutuwk {vorpal, Will+ Dex+4}
rCold   . . .      Faith    .   w - +2 tower shield
rNeg    . . .      Spirit   .   E - +5 plate armour
rPois   +          Reflect  +   (helmet restricted)
rElec   +          Harm     .   m - +0 cloak
rCorr   .          Rampage  .   J - +0 pair of gloves
Will    ++...                   p - +0 pair of boots
Stlth   ..........              r - amulet of reflection
HPRegen 0.31/turn               o - ring of protection from fire
MPRegen 0.14/turn               x - ring of Rinuoxt {rElec rPois SInv}

@: mighty, corroded, on berserk cooldown, slowed, very slow
A: horns 2, retaliatory headbutt, agile 1, deformed body, MP-powered wands
a: Renounce Religion, Berserk, Trog's Hand, Brothers in Arms


You were on level 2 of the Spider Nest.
You worshipped Trog.
Trog was extremely pleased with you.
You visited 4 branches of the dungeon, and saw 24 of its levels.
You also visited: Gauntlet and Volcano.

You collected 2035 gold pieces.
You spent 148 gold pieces at shops.

Inventory:

Hand Weapons
 a - the +7 trident of Hutuwk (weapon) {vorpal, Will+ Dex+4}
   (You found it on level 1 of the Lair of Beasts)

   It inflicts extra damage upon your enemies.
   Dex:       It affects your dexterity (+4).
   Will:      It increases your willpower.
 b - a +1 hand crossbow
Missiles
 k - 83 bolts
Armour
 f - +0 acid dragon scales
 m - a +0 cloak (worn)
 p - a +0 pair of boots (worn)
 w - a +2 tower shield (worn)
 E - a +5 plate armour (worn)
 J - a +0 pair of gloves (worn)
Jewellery
 j - the ring "Kafiyk" {rF- AC+4 Int+7 Dex-5 SInv}
   (You found it in a Gauntlet)

   [ring of protection]

   AC:        It affects your AC (+4).
   Int:       It affects your intelligence (+7).
   Dex:       It affects your dexterity (-5).
   rF:        It makes you vulnerable to fire.
   SInv:      It lets you see invisible.
 o - a ring of protection from fire (left hand)
 r - an amulet of reflection (around neck)
 s - a ring of willpower
 x - the ring of Rinuoxt (right hand) {rElec rPois SInv}
   (You found it on level 6 of the Lair of Beasts)

   [ring of poison resistance]

   rElec:     It insulates you from electricity.
   rPois:     It protects you from poison.
   SInv:      It lets you see invisible.
 y - a +6 ring of dexterity
 K - a ring of see invisible
Wands
 d - a wand of digging (1)
 h - a wand of paralysis (6)
 q - a wand of mindburst (10)
 B - a wand of charming (9)
 D - a wand of flame (18) (quivered)
 G - a wand of iceblast (12)
 H - a wand of acid (8)
Scrolls
 e - 5 scrolls of identify
 i - 5 scrolls of teleportation
 u - a scroll of holy word
 v - 3 scrolls of immolation
 I - a scroll of blinking
Potions
 g - 6 potions of curing
 l - a potion of might
 n - a potion of resistance
 t - 2 potions of flight
 z - 4 potions of mutation
 C - 2 potions of cancellation
 F - a potion of haste
Miscellaneous
 c - a phantom mirror
 A - a lightning rod (4/4)


   Skills:
 - Level 8.7 Fighting
 - Level 8.6(11.9) Axes
 + Level 13.0(14.0) Polearms
 + Level 12.4 Crossbows
 + Level 15.9 Armour
 + Level 13.0 Dodging
 + Level 13.4 Shields
 + Level 10.7 Evocations


You had 15 spell levels left.
You didn't know any spells.
Your spell library was empty.

Dungeon Overview and Level Annotations

Branches:
Dungeon (13/15)            Temple (0/1) D:7            Lair (6/6) D:8
 Shoals (0/4) Lair:3       Spider (3/4) Lair:4        Slime (0/5) Lair:6
    Orc (2/2) D:12            Elf (0/3) Orc:2        Vaults (0/5) D:13
Volcano (visited)         Gauntlet (visited)

Altars:
Dithmenos
Gozag
Makhleb

Shops:
D:4 :=[*:   D:7 :   D:8 (   Orc:2 :*==


Innate Abilities, Weirdness & Mutations

You have a pair of horns on your head.
You reflexively headbutt those who attack you in melee.
You are agile. (Dex +2)
Armour fits poorly on your strangely shaped body.
You expend magic power (3 MP) to strengthen your wands.


Message History

You block the redback's attack.
You hit the entropy weaver but do no damage.
Your headbutt misses the entropy weaver.
The entropy weaver is heavily wounded.
You block the redback's attack. You block the entropy weaver's attack.
The entropy weaver closely misses you. The entropy weaver hits you!
The entropy weaver closely misses you. The redback bites you.
The entropy weaver points at you and mumbles some strange words.
The entropic weave corrodes you!
You feel very mighty all of a sudden. You block the redback's attack.
You block the entropy weaver's attack. x2
The entropy weaver hits you but does no damage.
The entropy weaver hits you.
The redback bites you but does no damage.
You miss the entropy weaver. You headbutt the entropy weaver.
The entropy weaver is heavily wounded.
You block the redback's attack.
The entropy weaver hits you but does no damage.
You block the entropy weaver's attack.
The entropy weaver hits you but does no damage.
The entropy weaver closely misses you. The redback closely misses you.
You block the entropy weaver's attack.
The entropy weaver hits you but does no damage.
The entropy weaver hits you.
* * * LOW HITPOINT WARNING * * *
You block the entropy weaver's attack.
You impale the entropy weaver!!
Your headbutt misses the entropy weaver.
The entropy weaver is severely wounded.
You block the redback's attack. The entropy weaver barely misses you.
You furiously retaliate!
You headbutt the entropy weaver, but do no damage.
The entropy weaver barely misses you.
The entropy weaver hits you but does no damage.
You block the entropy weaver's attack. The redback barely misses you.
The entropy weaver hits you!
* * * LOW HITPOINT WARNING * * *
The entropy weaver hits you but does no damage.
The entropy weaver closely misses you. The entropy weaver hits you!
You die...

..........###..#...# ##.##..###..
......#....##..##.########...#...
............##....#..#...#.......
............^#..^..............#.
#...........##.<.#.#...#...#...#>
...........#.....###..^######..#.
.#....#...........###.## #####
...##.^#.#.....B...####
...#..##.#.#...s@...##
..##.......#...#.....#
###^.......#........##
....#.....##........#
#...^...####..^#...^# .#..#...#
##.##....# .......## #####...#
......<# #...†..## ......##
##.....!#


You could see an entropy weaver and a redback.

Vanquished Creatures
  Mlioglotl (Spider:2)
  Jorgrun (Orc:2)
  2 sphinxes (D:11)
  Donald (Orc:1)
  Agnes (Spider:2)
  An emperor scorpion (Spider:2)
  A dire elephant (Lair:6)
  Azrael (Orc:1)
  A minotaur (Gauntlet)
  2 entropy weavers (Spider:2)
  Josephine (D:11)
  A yaktaur captain (D:11)
  8 vault guards (D:13)
  A centaur warrior (D:13)
  4 hydras
  4 ogre magi (Orc:2)
  A radroach (Spider:1)
  Erica (D:11)
  3 catoblepae
  3 boulder beetles
  3 death yaks (Lair:6)
  A jorogumo (Spider:2)
  19 two-headed ogres
  A tengu warrior (D:11)
  A deep troll shaman (Lair:6)
  A wretched star (Gauntlet)
  A sun moth (Spider:1)
  A fire crab (Lair:5)
  3 steelbarb worms (Spider:2)
  4 orb spiders
  A lindwurm (Lair:5)
  A deep elf archer (Volcano)
  7 deep elf pyromancers
  A mana viper (shapeshifter) (D:11)
  2 oklob plants
  An orc sorcerer (Orc:2)
  A cyclops (D:11)
  9 wolf spiders
  2 manticores
  3 moths of wrath
  4 black mambas
  13 elephants
  14 cane toads
  3 torpor snails
  2 gargoyles
  13 komodo dragons
  A rime drake (Lair:4)
  A queen bee (Lair:4)
  8 trolls
  7 tarantellas
  5 meliai
  A queen bee (shapeshifter) (D:13)
  8 polar bears
  A wind drake (shapeshifter) (D:13)
  A hornet (D:7)
  A slime creature (D:13)
  18 blink frogs
  11 jumping spiders
  12 culicivoras
  6 fire elementals
  5 wyverns
  5 wraiths
  Eustachio (D:4)
  40 yaks
  2 hogs (Lair:4)
  5 steam dragons
  33 redbacks
  5 basilisks
  4 vampire mosquitoes
  A neqoxec (Gauntlet)
  5 wargs
  3 acid dragons
  2 small abominations (Gauntlet)
  19 water moccasins
  12 hell hounds
  16 orc warriors
  2 ice beasts
  3 black bears
  A necrophage (D:5)
  12 wolves
  3 centaurs
  35 ogres
  2 phantoms
  2 kobold brigands
  16 bullfrogs
  2 gnoll sergeants
  4 scorpions
  A water moccasin skeleton (D:6)
  24 killer bees
  4 wights (D:9)
  3 electric eels (D:7)
  2 howler monkeys (D:7)
  A bullfrog skeleton (D:6)
  2 centaur zombies
  A hound (D:7)
  6 jellies
  8 orc priests
  Crazy Yiuf (D:4)
  21 orc wizards
  A gnoll shaman (D:5)
  Ijyb (D:5)
  2 iguanas
  22 gnolls
  5 adders
  An ufetubus (D:7)
  2 worms
  11 dart slugs
  51 orcs
  8 ball pythons
  6 bats
  11 endoplasms
  5 giant cockroaches
  6 goblins
  3 hobgoblins
  7 jackals
  17 kobolds
  4 quokkas
  3 frilled lizards
  6 rats
  A bush (Lair:5)
719 creatures vanquished.

Vanquished Creatures (collateral kills)
  A hog (Spider:1)
1 creature vanquished.

Vanquished Creatures (others)
  A meliai (Spider:1)
  A redback (Spider:2)
  A vampire mosquito (D:13)
  A hell hound (Volcano)
  A killer bee (Spider:1)
  A bush (Lair:6)
  28 demonic plants (Gauntlet)
  32 fungi
  46 plants
112 creatures vanquished.

Grand Total: 832 creatures vanquished

Notes
Turn   | Place    | Note
-------+----------+-------------------------------------------
     0 | D:1      | slugheadthewise the Minotaur Berserker began the quest for
                  | the Orb.
     0 | D:1      | Reached XP level 1. HP: 19/19 MP: 0/0
   316 | D:1      | Reached XP level 2. HP: 26/27 MP: 1/1
   436 | D:1      | Found a faded altar of an unknown god.
  1080 | D:2      | Reached skill level 3 in Armour
  1116 | D:2      | Reached XP level 3. HP: 21/33 MP: 2/2
  2086 | D:2      | Reached skill level 1 in Evocations
  2257 | D:2      | Reached ** piety under Trog
  2630 | D:3      | Reached XP level 4. HP: 38/40 MP: 3/3
  2805 | D:3      | Reached skill level 4 in Armour
  2914 | D:3      | Gained mutation: You possess an exceptional clarity of
                  | mind. [potion of mutation]
  2914 | D:3      | Gained mutation: You are agile. (Dex +2) [potion of
                  | mutation]
  2914 | D:3      | Gained mutation: Armour fits poorly on your strangely
                  | shaped body. [potion of mutation]
  2914 | D:3      | Gained mutation: You expend magic power (3 MP) to
                  | strengthen your wands. [potion of mutation]
  3152 | D:3      | Reached XP level 5. HP: 43/47 MP: 4/4
  3349 | D:4      | Noticed a phantom
  3359 | D:4      | Killed a phantom
  3497 | D:4      | Found Wuickal's General Store.
  3504 | D:4      | Bought a scroll of teleportation for 33 gold pieces
  3647 | D:4      | Noticed an ogre
  3650 | D:4      | Noticed Eustachio
  3651 | D:4      | Killed an ogre
  3652 | D:4      | Reached XP level 6. HP: 55/55 MP: 1/5
  3668 | D:4      | Killed Eustachio
  3669 | D:4      | Reached skill level 5 in Fighting
  3669 | D:4      | Reached skill level 5 in Axes
  3669 | D:4      | Reached skill level 5 in Armour
  3760 | D:4      | Found Zizuhip's Jewellery Emporium.
  3761 | D:4      | Found Wyrudd's Antique Armour Shoppe.
  3952 | D:4      | Found Oshun's Book Boutique.
  3969 | D:4      | Found a shadowy altar of Dithmenos.
  3969 | D:4      | Found a burning altar of Makhleb.
  4064 | D:4      | Reached *** piety under Trog
  4228 | D:4      | Reached XP level 7. HP: 61/61 MP: 6/6
  4234 | D:4      | Found Puesmam's Book Boutique.
  4459 | D:4      | Found a runed translucent door.
  4460 | D:4      | Noticed Crazy Yiuf
  4467 | D:4      | Killed Crazy Yiuf
  4710 | D:5      | Entered Level 5 of the Dungeon
  4752 | D:5      | Reached skill level 6 in Armour
  5212 | D:5      | HP: 3/62 [poisoned by a scorpion]
  5215 | D:5      | HP: 1/62 [poisoned by a scorpion]
  5530 | D:5      | Found an opulent altar of Gozag.
  5793 | D:5      | Noticed Ijyb
  5802 | D:5      | Killed Ijyb
  5819 | D:5      | Reached XP level 8. HP: 62/70 MP: 4/7
  5899 | D:5      | Reached skill level 7 in Armour
  6645 | D:6      | Reached skill level 5 in Dodging
  6979 | D:6      | Reached skill level 8 in Armour
  7455 | D:6      | Reached XP level 9. HP: 78/78 MP: 8/8
  7633 | D:7      | Found Siafuth's Book Boutique.
  7740 | D:7      | Reached skill level 9 in Armour
  7949 | D:7      | Noticed a manticore
  8453 | D:7      | Found a staircase to the Ecumenical Temple.
  8535 | D:7      | Killed a manticore
  8861 | D:8      | Paralysed by a hornet for 1 turns
  8867 | D:7      | Reached skill level 5 in Evocations
  9180 | D:8      | Found Feley's Antique Weapon Shop.
  9354 | D:8      | Found a staircase to the Lair.
  9398 | D:8      | You fall into a shaft and drop 2 floors!
  9398 | D:10     | Entered Level 10 of the Dungeon
  9401 | D:10     | Reached skill level 10 in Armour
  9667 | D:9      | Noticed a troll
  9682 | D:9      | Killed a troll
  9760 | D:9      | Reached XP level 10. HP: 88/88 MP: 9/9
 11273 | D:9      | Reached **** piety under Trog
 12044 | D:10     | Reached skill level 11 in Armour
 12359 | D:10     | Noticed a manticore
 12371 | D:10     | Killed a manticore
 12998 | Lair:1   | Entered Level 1 of the Lair of Beasts
 13019 | Lair:1   | Noticed a cane toad
 13028 | Lair:1   | Killed a cane toad
 13029 | Lair:1   | Reached skill level 1 in Crossbows
 13029 | Lair:1   | Reached skill level 1 in Shields
 13084 | Lair:1   | Noticed a cane toad
 13094 | Lair:1   | Killed a cane toad
 13269 | Lair:1   | Identified the +7 trident of Hutuwk {vorpal, Will+ Dex+4}
 13362 | Lair:1   | Noticed a cane toad
 13368 | Lair:1   | Killed a cane toad
 13441 | Lair:1   | Noticed a black mamba
 13448 | Lair:1   | Killed a black mamba
 13720 | Lair:1   | Reached XP level 11. HP: 71/95 MP: 10/10
 13866 | Lair:1   | Reached skill level 5 in Shields
 13954 | Lair:1   | Reached skill level 5 in Crossbows
 14719 | Lair:2   | Reached skill level 1 in Polearms
 14855 | Lair:2   | Noticed a four-headed hydra
 14864 | Lair:2   | Killed a four-headed hydra
 15905 | Lair:3   | Found a staircase to the Shoals.
 15953 | Lair:3   | Reached XP level 12. HP: 100/103 MP: 11/11
 16019 | Lair:3   | Reached skill level 12 in Armour
 16114 | Lair:3   | Reached skill level 5 in Polearms
 16856 | Lair:3   | Noticed an eight-headed hydra
 16863 | Lair:3   | Killed an eight-headed hydra
 17525 | Lair:4   | Found a hole to the Spider Nest.
 18018 | Lair:4   | Noticed a boulder beetle
 18057 | Lair:4   | Killed a boulder beetle
 18554 | Lair:4   | Reached ***** piety under Trog
 18941 | Lair:5   | Noticed a six-headed hydra
 18951 | Lair:5   | Killed a six-headed hydra
 19113 | Lair:5   | Found a dark tunnel.
 19136 | Volcano  | Entered a volcano
 19230 | Volcano  | Reached XP level 13. HP: 102/108 MP: 10/12
 19414 | Volcano  | Reached skill level 13 in Armour
 20550 | Lair:5   | Reached skill level 10 in Shields
 21190 | Lair:6   | Entered Level 6 of the Lair of Beasts
 21209 | Lair:6   | Received a gift from Trog
 21717 | Lair:5   | Reached skill level 10 in Dodging
 22176 | Lair:6   | Identified the ring of Rinuoxt {rElec rPois SInv}
 23603 | Lair:6   | Reached skill level 10 in Polearms
 23709 | Lair:6   | Found a staircase to the Slime Pits.
 23934 | Lair:6   | Noticed a dire elephant
 23949 | Lair:6   | Killed a dire elephant
 23950 | Lair:6   | Reached XP level 14. HP: 116/116 MP: 13/13
 23976 | Lair:6   | Identified the +5 quarterstaff of Linearity {venom, rF++}
 25006 | D:11     | Noticed Erica
 25016 | D:11     | Killed Erica
 25017 | D:11     | Reached skill level 10 in Crossbows
 25117 | D:11     | Noticed Josephine
 25125 | D:11     | Killed Josephine
 25130 | D:11     | Reached skill level 14 in Armour
 25225 | D:11     | Found a runed translucent door.
 25236 | D:11     | Noticed a sphinx
 25274 | D:11     | Killed a sphinx
 25331 | D:11     | Noticed a sphinx
 25336 | D:11     | Killed a sphinx
 26160 | D:12     | Found a gate leading to a gauntlet.
 26194 | Gauntlet | Entered a Gauntlet
 26194 | Gauntlet | Found a transporter.
 26194 | Gauntlet | Found a transporter.
 26198 | Gauntlet | Found a transporter.
 26198 | Gauntlet | Found a transporter.
 26207 | Gauntlet | Found a transporter.
 26231 | Gauntlet | Found a transporter.
 26281 | Gauntlet | Found a transporter.
 26303 | Gauntlet | Found a transporter.
 26317 | Gauntlet | Found a transporter.
 26408 | Gauntlet | Found a transporter.
 26433 | Gauntlet | Found a transporter.
 26444 | Gauntlet | Found a transporter.
 27271 | Gauntlet | Found a transporter.
 27289 | Gauntlet | Found a transporter.
 27299 | Gauntlet | Lost mutation: You possess an exceptional clarity of mind.
                  | [a neqoxec]
 27302 | Gauntlet | Lost intelligence.
 27531 | Gauntlet | Found a transporter.
 29102 | Gauntlet | Identified the ring "Nifror" {AC+4 Str-4 Slay+5}
 29279 | Gauntlet | Identified the ring "Kafiyk" {rF- AC+4 Int+7 Dex-5 SInv}
 29767 | D:12     | Found a staircase to the Orcish Mines.
 29852 | Orc:1    | Entered Level 1 of the Orcish Mines
 30692 | Orc:2    | Entered Level 2 of the Orcish Mines
 30692 | Orc:2    | Noticed Donald
 30704 | Orc:1    | Killed Donald
 30755 | Orc:2    | Noticed Azrael
 31321 | Orc:1    | Killed Azrael
 31749 | Orc:2    | Reached XP level 15. HP: 123/123 MP: 14/14
 32238 | Orc:2    | Reached skill level 15 in Armour
 32418 | Orc:2    | Found Pemy's Jewellery Emporium.
 32418 | Orc:2    | Found Umugei's Book Boutique.
 32436 | Orc:2    | Found Laushupa's Jewellery Shop.
 32436 | Orc:2    | Found Otemiaxo's General Store.
 32450 | Orc:2    | Bought a scroll of blinking for 82 gold pieces
 32450 | Orc:2    | Bought a scroll of teleportation for 33 gold pieces
 32565 | Orc:2    | Noticed Jorgrun
 32716 | Orc:2    | Killed Jorgrun
 32867 | Orc:2    | Found a staircase to the Elven Halls.
 33226 | D:13     | Found a gate to the Vaults.
 33236 | D:13     | Reached skill level 10 in Evocations
 33255 | D:13     | Received a gift from Trog
 34104 | Spider:1 | Entered Level 1 of the Spider Nest
 35051 | Lair:4   | HP: 1/184 [meliai/divine providence (13)]
 36540 | Spider:1 | Noticed Kirke
 36541 | Spider:1 | Noticed Kirke
 36541 | Spider:1 | Kirke changed into Kirke the hog
 36546 | Spider:1 | Killed Kirke the hog
 36903 | Spider:2 | Noticed Agnes
 36914 | Spider:2 | Killed Agnes
 37162 | Spider:2 | Noticed an emperor scorpion
 37195 | Spider:2 | Killed an emperor scorpion
 37738 | Spider:1 | Reached XP level 16. HP: 89/129 MP: 15/15
 38615 | Spider:2 | Noticed Mlioglotl
 38650 | Spider:2 | Killed Mlioglotl
 39217 | Spider:2 | Slain by an entropy weaver

Illustrated notes

Levels and vault maps discovered:
D:1:      sevenhm_arrival_forest_fort_large_3, layout_loops_ring,
          hellmonk_ecumenical_altar_pennies_from_heaven, minmay_misc_feat_chi
D:2:      layout_basic
D:3:      layout_basic, kennysheep_generic_room_11
D:4:      layout_loops_corners, mainiacjoe_overflow_divided_tiny, serial_shops,
          kennysheep_mini, shop, nicolae_shop_waterfront, nicolae_shop_trees,
          nicolae_shop_temple_entry_statues_fountains, uniq_eustachio,
          uniq_crazy_yiuf_cottage
D:5:      layout_basic, kennysheep_mini_moat, nicolae_zen_rock_garden, uniq_ijyb
D:6:      layout_basic
D:7:      kennysheep_slugbush, layout_cave_pools, minmay_temple_entry_fiery,
          serial_shops, shop
D:8:      layout_loops_corners, lair_entry_dummy, serial_shops,
          nicolae_shop_hallway_plus
D:9:      layout_basic, corexii_hall_statues_l
D:10:     layout_small_grid, enter_bailey_5
D:11:     layout_gridville, minivault_13, uniq_erica, uniq_josephine
D:12:     layout_loops_cross, orc_0_dummy, gauntlet_entry_generic,
          serial_bayou_pond_e
D:13:     layout_small_grid, erik_vaults_2
Lair:1:   layout_regular_city, beast_lair_carwin_10
Lair:2:   layout_hall_layers, eino_house_with_fridge
Lair:3:   layout_layer_cave, elwin_shoals_entry_rocks
Lair:4:   layout_roguey, spider_nest_entry_web_field, serial_bayou_shore_b,
          grunt_megastairs_5
Lair:5:   layout_regular_city, nicolae_volcano_entry_vermiform,
          columned_hall_lemuel, minmay_lair_oklob_bushes, minmay_holes,
          hangedman_lair_generics_rect
Lair:6:   grunt_lair_end_beastmaster, layout_loops_ring,
          nicolae_slime_entry_slimehenge, serial_rivers,
          chequers_serial_rivers_small_b, chequers_serial_rivers_micro_b,
          chequers_serial_rivers_large_b, chequers_serial_rivers_micro_e,
          chequers_serial_rivers_marsh
Spider:1: layout_spider_delve, special_room [special_room_bee], uniq_kirke
Spider:2: layout_spider_delve, uniq_agnes, uniq_mlioglotl
Spider:3: layout_spider_delve, hangedman_spider_tarantella_strand, uniq_arachne,
          uniq_aizul
Orc:1:    layout_caves
Orc:2:    st_orc_ogre_mass, layout_diamond_mine, nicolae_orc_crystal_geode,
          uniq_donald, uniq_azrael, uniq_jorgrun

Skill      XL: |  1  2  3  4  5  6  7  8  9 10 11 12 13 14 15 16 |
---------------+-------------------------------------------------+-----
Armour         | 3 4 5 6 8 10 11 12 13 14 15 | 15.9
Fighting       | 4 5 6 7 8 |  8.7
Axes           | 4 5 6 7 8 |  8.6
Evocations     | 1 2 3 4 5 6 7 8 9 10 | 10.7
Dodging        | 3 4 5 6 7 8 9 10 11 12 13 | 13.0
Crossbows      | 4 7 8 9 11 12 | 12.4
Shields        | 4 8 9 10 12 13 | 13.4
Polearms       | 4 8 10 11 12 13 | 13.0

Action                   |  1- 3 |  4- 6 |  7- 9 | 10-12 | 13-15 | 16-18 || total
-------------------------+-------+-------+-------+-------+-------+-------++-------
Melee: Hand axe          |    68 |    79 |       |       |       |       ||   147
       Headbutt          |     6 |    12 |    47 |   135 |   357 |    48 ||   605
       War axe           |       |    11 |   208 |    38 |       |       ||   257
       Punch             |       |       |     6 |       |       |       ||     6
       Halberd           |       |       |       |    81 |       |       ||    81
       Trident           |       |       |       |   482 |  1415 |   163 ||  2060
 Fire: Hand crossbow     |       |       |       |     8 |    15 |       ||    23
Invok: Berserk           |     2 |     4 |    15 |    11 |    45 |     3 ||    80
       Brothers in Arms  |       |       |       |       |     1 |       ||     1
Evoke: Wand              |       |     2 |    19 |    15 |     8 |       ||    44
       Phial of floods   |       |       |       |       |     1 |       ||     1
       Lightning rod     |       |       |       |       |     4 |       ||     4
       Phantom mirror    |       |       |       |       |     1 |       ||     1
  Use: Potion            |     7 |     4 |     1 |     1 |     4 |     2 ||    19
       Scroll            |     4 |     3 |     4 |     5 |    15 |       ||    31
 Stab: Sleeping          |     1 |       |       |       |       |       ||     1
       Petrified         |       |       |       |       |     6 |       ||     6
       Paralysed         |       |       |       |       |     6 |       ||     6
Armor: Animal skin       |     9 |       |       |       |       |       ||     9
       Scale mail        |     8 |    31 |    50 |       |       |       ||    89
       Chain mail        |       |       |    10 |   117 |    92 |       ||   219
       Plate armour      |       |       |       |       |   288 |    58 ||   346
Dodge: Dodged            |    36 |    41 |   103 |   135 |   395 |    60 ||   770
Block: Other             |       |       |    39 |    38 |       |       ||    77
       Reflection        |       |       |     1 |     2 |    29 |       ||    32
       Tower shield      |       |       |       |   462 |  1834 |   263 ||  2559
